 Dungeon Crawl Stone Soup version 0.28-a0-1629-gf728b707aa (webtiles) character file.

Game seed: 2145071245720303863

7 psuckher the Sneak (level 1, 0/17 HPs)
             Began as a Demigod Brigand on Jan 24, 2022.
             Slain by a jackal (1 damage)
             ... on level 1 of the Dungeon.
             The game lasted 00:00:59 (130 turns).

psuckher the Sneak (Demigod Brigand)                 Turns: 130, Time: 00:01:00

Health: 0/17       AC:  3    Str: 12    XL:     1   Next: 73%
Magic:  3/3        EV: 11    Int: 13    God:
Gold:   0          SH:  0    Dex: 15    Spells: 0/0 levels left

rFire   . . .      SeeInvis .   a - +2 dagger
rCold   . . .      Faith    .   (no shield)
rNeg    . . .      Spirit   .   b - +0 robe
rPois   .          Reflect  .   (no helmet)
rElec   .          Harm     .   c - +0 cloak
rCorr   .          Rampage  .   (no gloves)
Will    .....                   (no boots)
Stlth   ++........              (no amulet)
HPRegen 0.05/turn               (no ring)
MPRegen 0.08/turn               (no ring)

@: very slow
A: high mp 1, forlorn, divine attributes
a: no special abilities


You were on level 1 of the Dungeon.
You visited 1 branch of the dungeon, and saw 1 of its levels.

Inventory:

Hand Weapons
 a - a +2 dagger (weapon)
Missiles
 d - 5 poisoned darts (quivered)
 e - 2 curare-tipped darts
Armour
 b - a +0 robe (worn)
 c - a +0 cloak (worn)
Scrolls
 f - a scroll of amnesia {unknown}
 g - a scroll of identify {unknown}


   Skills:
 + Level 1.7 Fighting
 + Level 1.8 Short Blades
 + Level 1.8 Throwing
 + Level 0.8 Dodging
 + Level 4.0 Stealth


You couldn't memorise any spells.
You didn't know any spells.
Your spell library contained the following spells:

 Spells                   Type           Power      Damage    Failure   Level
 Animate Skeleton         Necr           0%         N/A       30%         1
 Pain                     Necr           0%         1d4       30%         1
 Vampiric Draining        Necr           0%         2d6       67%         3


Dungeon Overview and Level Annotations

Branches:
Dungeon (1/15)


Innate Abilities, Weirdness & Mutations

You have an increased reservoir of magic. (+10% MP)
You shall have no god before yourself.
Your divine heritage dramatically boosts your attributes as you level up.


Message History

Found a stone staircase leading down.
The jackal looks more healthy.
Found a scroll labelled HEIMUM DICWA.
An endoplasm comes into view.
The jackal bites the plant.
The plant begins to die.
The jackal splashes around in the water.
You enter the shallow water.
Moving in this stuff is going to be slow.
Found 16 gold pieces.
The jackal bites the plant. x3
The jackal bites the plant.
The jackal splashes around in the water.
The jackal bites the plant. x2
An endoplasm comes into view.
A nearby plant withers and dies.
You enter the shallow water.
Moving in this stuff is going to be slow.
You enter the shallow water.
Moving in this stuff is going to be slow.
The endoplasm quivers.
The jackal splashes around in the water.
The jackal closely misses you. The jackal misses you. The endoplasm misses you.
You hit the jackal.
The jackal is almost dead.
The jackal barely misses you. The endoplasm freezes you.
You are frozen.
* * * LOW HITPOINT WARNING * * *
You closely miss the jackal.
The jackal is almost dead.
The jackal splashes around in the water.
The jackal closely misses you.
The jackal splashes around in the water.
The jackal bites you but does no damage.
Your unstable footing causes you to fumble your attack.
The jackal barely misses you.
The jackal splashes around in the water.
The endoplasm splashes around in the water.
The jackal splashes around in the water.
The jackal bites you.
You die...

.. #...(...≈≈≈≈
#.##......≈≈r≈≈ #####
###..........≈≈≈≈P ....
..>....(≈P≈.≈≈≈≈≈≈
.##..##....≈≈.≈≈≈≈≈≈≈P..
..........≈≈≈≈≈(≈≈≈≈≈≈≈.
≈.≈≈≈.≈.≈P≈≈≈≈≈≈≈≈PPP≈≈.
≈≈≈≈J≈≈hh≈≈≈≈≈≈≈≈PP≈.≈†.
≈≈≈≈≈≈J@h≈≈≈≈≈≈≈≈.≈..†..
≈≈P≈P≈≈≈≈≈≈≈≈PP≈≈.......
P≈≈.≈.PP.P≈.....≈.....#.
≈≈......≈≈..........#.#.
........................
##................###...
#...?............# #...
..................###...
##.............†.......<


You could see 2 endoplasms and 3 jackals.

Vanquished Creatures
  2 ball pythons (D:1)
  An endoplasm (D:1)
  2 hobgoblins (D:1)
  A frilled lizard (D:1)
6 creatures vanquished.

Vanquished Creatures (others)
  A plant (D:1)
1 creature vanquished.

Grand Total: 7 creatures vanquished

Notes
Turn   | Place    | Note
-------+----------+-------------------------------------------
     0 | D:1      | psuckher the Demigod Brigand began the quest for the Orb.
     0 | D:1      | Reached XP level 1. HP: 17/17 MP: 3/3
    90 | D:1      | Reached skill level 4 in Stealth
   130 | D:1      | Slain by a jackal

Illustrated notes

Levels and vault maps discovered:
D:1:      dpeg_arrival_connections, layout_rooms, serial_shops, shop,
          chequers_big_river, kennysheep_flooded_box

Skill      XL: |  1 |
---------------+----+-----
Stealth        | 4 |  4.0
Fighting       | |  1.7
Short Blades   | |  1.8
Throwing       | |  1.8
Dodging        | |  0.8

Action                   || total
-------------------------++-------
Melee: Dagger            ||    26
Throw: Dart              ||     4
Armor: Robe              ||    11
Dodge: Dodged            ||    26

Table legend: (Time is in decaauts)
 A = Elapsed time spent in this place.
 B = Non-inter-level travel time spent in this place.
 C = Inter-level travel time spent in this place.
 D = Time resting spent in this place.
 E = Time spent auto-exploring this place.
 F = Levels seen in this place.
 G = Mean time per level.
                   A        B        C        D        E       F      G
               +--------+--------+--------+--------+--------+-----+--------+
         Total |    136 |    136 |      0 |      0 |      0 |   1 |  136.0 |
       Dungeon |    136 |    136 |      0 |      0 |      0 |   1 |  136.0 |
               +--------+--------+--------+--------+--------+-----+--------+

Top non-repeatable levels by time:
     D:1: 136 daAuts
